 Dungeon Crawl Stone Soup version 0.29-a0-870-g2c972031a6 (webtiles) character file.

Game seed: 15773791391425933358

154 jimonade the Trooper (level 5, -1/41 HPs)
             Began as a Djinni Fighter on July 17, 2022.
             Slain by Grinder (3 damage)
             ... on level 4 of the Dungeon.
             The game lasted 00:05:29 (2996 turns).

jimonade the Trooper (Djinni Fighter)               Turns: 2996, Time: 00:05:30

Health: -1/41      AC:  9    Str: 15    XL:     5   Next: 63%
Gold:   173        EV: 10    Int: 12    God:
                   SH:  4    Dex: 12

rFire   + + .      SeeInvis .   a - +1 dagger (vamp)
rCold   x . .      Faith    .   c - +0 buckler
rNeg    . . .      Spirit   .   n - +0 chain mail
rPois   ∞          Reflect  .   (no helmet)
rElec   .          Harm     .   (no cloak)
rCorr   .          Rampage  .   (no gloves)
Will    .....                   (boots unavailable)
Stlth   ..........              (no amulet)
HPRegen 0.13/turn               p - +4 ring of evasion
MPRegen 0.00/turn               (no ring)

@: flying
A: sickness immunity, fire resistance 2, cold vulnerability 1, float, innate
caster, HP casting, extra vitality 1
a: no special abilities


You were on level 4 of the Dungeon.
You visited 1 branch of the dungeon, and saw 4 of its levels.

You collected 173 gold pieces.

Inventory:

Hand Weapons
 a - a +1 vampiric dagger (weapon)
 b - a +0 sling
 o - a +0 long sword
Missiles
 j - 8 stones
Armour
 c - a +0 buckler (worn)
 h - a +0 scale mail
 k - a +0 ring mail
 n - a +0 chain mail (worn)
 r - a +0 robe
Magical Staves
 l - a staff of earth
Jewellery
 p - a +4 ring of evasion (left hand)
Scrolls
 e - a scroll of enchant armour {unknown}
 f - a scroll of identify {unknown}
 i - a scroll of poison {unknown}
Potions
 d - 2 potions of might
 g - 4 potions of curing {unknown}
 m - a potion of ambrosia {unknown}
 q - a potion of attraction {unknown}
 s - a potion of lignification {unknown}


   Skills:
 * Level 4.0 Fighting
 + Level 1.3(1.9) Short Blades
 + Level 2.0(2.2) Long Blades
 + Level 1.0 Ranged Weapons
 + Level 3.5 Armour
 + Level 0.3 Dodging
 + Level 3.2 Shields
 * Level 1.1 Spellcasting


You had 3 spell levels left.
You knew the following spells:

 Your Spells              Type           Power      Damage    Failure   Level
a - Necrotise             Necr           12%        1d4       99%         1
b - Searing Ray           Conj           6%         2d4       100%        2
Your spell library was empty.


Dungeon Overview and Level Annotations

Branches:
Dungeon (4/15)
 Temple: D:4-7

Altars:

Shops:
D:1 *

Annotations:
D:4 1 transporter, Grinder


Innate Abilities, Weirdness & Mutations

You are immune to sickness and miasma.
You are immune to poison.
Your flesh is very heat resistant. (rF++)
You are vulnerable to cold. (rC-)
You float through the air rather than walking.
You learn spells naturally, not from books.
Your magical power is your life essence.
You have superior vitality. (+4 MHP)


Message History

You hit Grinder.
Grinder is heavily wounded.
Grinder gestures at you. Pain shoots through your body!
* * * LOW HITPOINT WARNING * * *
You hit Grinder.
Grinder is heavily wounded.
Grinder blinks!
Grinder gestures at you.
You suddenly lose the ability to move!
Grinder says, "DUCK!"
Grinder gestures at you.
You shrug off the repeated paralysis!
Grinder gestures at you.
You shrug off the repeated paralysis!
You can move again.
Grinder blinks!
You barely miss Grinder.
Grinder is heavily wounded.
Grinder closely misses you.
You hit Grinder but do no damage.
Grinder is heavily wounded.
Grinder gestures at you. You resist with significant effort.
You hit Grinder.
Grinder is heavily wounded.
Grinder misses you.
You hit Grinder.
Grinder is severely wounded.
Grinder zaps a wand.
The puff of flame hits you. You resist.
* * * LOW HITPOINT WARNING * * *
You closely miss Grinder.
Grinder is severely wounded.
Grinder says, "What is the universe for?"
Grinder gestures at you.
You struggle to resist.
You closely miss Grinder.
Grinder is severely wounded.
Grinder hits you.
You die...

..# #.# .# ### #.# .# #.. #.#
#.# #.# ... #.# #.###.## ###
##.####....... ...©
###............. .....
#.........###.#### #.....
#....###..# #.##.## #......
#.....##..###@5...####.......
.....................†'.......
###...#.###.####....####.......
##........# #.#.## #...?.. ###
.....# #.### #..... #..###.#
#.# #...# #. #.# #.# #+## . #.#
#.# ..# #..


You could see Grinder.

Vanquished Creatures
  A scorpion (D:4)
  3 adders
  A white imp (D:4)
  A worm (D:3)
  2 dart slugs
  3 orcs (D:3)
  2 bats
  7 endoplasms
  2 giant cockroaches
  6 goblins
  3 hobgoblins
  3 jackals (D:1)
  3 quokkas
  3 ball pythons
  4 frilled lizards
  2 kobolds (D:1)
  6 rats
52 creatures vanquished.

Notes
Turn   | Place    | Note
-------+----------+-------------------------------------------
     0 | D:1      | jimonade the Djinni Fighter began the quest for the Orb.
     0 | D:1      | Reached XP level 1. HP: 20/20 MP: 0/0
   214 | D:1      | Reached XP level 2. HP: 18/25 MP: 0/0
   419 | D:1      | Found Watudgheo's Assorted Antiques.
  1028 | D:1      | Reached XP level 3. HP: 28/30 MP: 0/0
  1028 | D:1      | Learned a level 1 spell: Necrotise
  1995 | D:3      | Reached XP level 4. HP: 37/37 MP: 0/0
  2381 | D:3      | Found a faded altar of an unknown god.
  2415 | D:3      | Reached skill level 1 in Ranged Weapons
  2826 | D:4      | Noticed a scorpion
  2854 | D:4      | Killed a scorpion
  2855 | D:4      | Reached skill level 4 in Fighting
  2855 | D:4      | Reached skill level 1 in Short Blades
  2855 | D:4      | Reached skill level 1 in Spellcasting
  2855 | D:4      | Reached XP level 5. HP: 36/41 MP: 0/0
  2855 | D:4      | Learned a level 2 spell: Searing Ray
  2920 | D:4      | Noticed Grinder
  2920 | D:4      | Paralysed by Grinder for 4 turns
  2928 | D:4      | Found a transporter.
  2932 | D:4      | Paralysed by Grinder for 3 turns
  2952 | D:4      | Paralysed by Grinder for 5 turns
  2985 | D:4      | Paralysed by Grinder for 5 turns
  2994 | D:4      | HP: 2/41 [Grinder/puff of flame (2)]
  2996 | D:4      | Slain by Grinder

Illustrated notes

Levels and vault maps discovered:
D:1:      dpeg_arrival_rooms_c, layout_basic, serial_shops,
          nicolae_lakefront_shop, st_stairs_8, glass_columns_a
D:2:      layout_basic
D:3:      layout_rooms, ebering_ecumenical_altar_abandoned
D:4:      layout_loops_corners, minmay_temple_entry_large_hall,
          gammafunk_ghost_arena, uniq_duvessa, uniq_grinder

Skill      XL: |  1  2  3  4 |
---------------+-------------+-----
Long Blades    | 2 |  2.0
Ranged Weapons | 1 |  1.0
Fighting       | 4 |  4.0
Short Blades   | 1 |  1.3
Spellcasting   | 1 |  1.1
Armour         | |  3.5
Dodging        | |  0.3
Shields        | |  3.2

Action                   |  1- 3 |  4- 6 || total
-------------------------+-------+-------++-------
Melee: Long sword        |    64 |     4 ||    68
       Dagger            |       |   146 ||   146
 Fire: Sling             |    55 |     3 ||    58
Armor: Scale mail        |    45 |       ||    45
       Chain mail        |       |    53 ||    53
Dodge: Dodged            |    33 |    63 ||    96
Block: Buckler           |    19 |    23 ||    42

Table legend: (Time is in decaauts)
 A = Elapsed time spent in this place.
 B = Non-inter-level travel time spent in this place.
 C = Inter-level travel time spent in this place.
 D = Time resting spent in this place.
 E = Time spent auto-exploring this place.
 F = Levels seen in this place.
 G = Mean time per level.
                   A        B        C        D        E       F      G
               +--------+--------+--------+--------+--------+-----+--------+
         Total |   3037 |   2931 |    106 |    116 |   2109 |   4 |  759.2 |
       Dungeon |   3037 |   2931 |    106 |    116 |   2109 |   4 |  759.2 |
               +--------+--------+--------+--------+--------+-----+--------+

Top non-repeatable levels by time:
     D:1: 1197 daAuts
     D:2: 832 daAuts
     D:3: 725 daAuts
     D:4: 282 daAuts
